 Dungeon Crawl Stone Soup version 0.29-a0-322-g68df515 (webtiles) character file.

Game seed: 4248132652987408571

146715 PublicAnimeNo1 the Fencer (level 16, -7/136 HPs)
             Began as a Demonspawn Berserker on Apr 4, 2022.
             Was a High Priest of Trog.
             Mangled by a +2 vampiric glaive (17 damage)
             ... on level 1 of the Elven Halls.
             The game lasted 01:09:44 (43386 turns).

PublicAnimeNo1 the Fencer (Demonspawn Berserker)   Turns: 43386, Time: 01:09:44

Health: -7/136     AC: 28    Str: 22    XL:     16   Next: 90%
Magic:  16/16      EV: 13    Int:  8    God:    Trog [*****.]
Gold:   1978       SH:  0    Dex: 23    Spells: 15/15 levels left

rFire   + + +      SeeInvis .   a - +6 great sword (freeze)
rCold   . . .      Faith    +   (shield currently unavailable)
rNeg    . . .      Spirit   .   t - +2 plate armour {rF+}
rPois   +          Reflect  .   (helmet restricted)
rElec   .          Harm     .   m - +2 cloak {rCorr}
rCorr   +          Rampage  .   f - +1 pair of gloves
Will    ++++.                   v - +0 pair of boots
Stlth   ..........              P - amulet of Qaosimp {Faith rF+}
HPRegen 1.32/turn               e - +4 ring of slaying
MPRegen 0.30/turn               Q - ring "Mucugad" {Fire rPois Will+ Dex+6 Stlth-}

@: strong-willed, regenerating
A: antennae 2, icy blue scales 3, demonic guardian 2, magic regeneration
a: Renounce Religion, Berserk, Trog's Hand, Brothers in Arms


You were on level 1 of the Elven Halls.
You worshipped Trog.
Trog was extremely pleased with you.
You visited 5 branches of the dungeon, and saw 27 of its levels.
You also visited: Volcano.

You collected 2642 gold pieces.
You spent 664 gold pieces at shops.

Inventory:

Hand Weapons
 a - a +6 great sword of freezing (weapon)
 b - a +2 triple sword of flaming
 z - the +7 dagger of the Original Sin {venom, rPois rF+ rN+ Dex+4}
   (You took it off an orc on level 5 of the Dungeon)

   It poisons the flesh of those it strikes.
   Dex:       It affects your dexterity (+4).
   rF:        It protects you from fire.
   rPois:     It protects you from poison.
   rN:        It protects you from negative energy.
 K - the +7 long sword "Lifebane" {vorpal, rElec Str+3}
   (Trog gifted it to you on level 2 of the Snake Pit)

   It inflicts extra damage upon your enemies.
   Str:       It affects your strength (+3).
   rElec:     It insulates you from electricity.
Missiles
 T - 7 throwing nets (quivered)
Armour
 f - a +1 pair of gloves (worn)
 m - a +2 cloak of preservation (worn)
 t - a +2 plate armour of fire resistance (worn)
 v - a +0 pair of boots (worn)
 w - a +4 scale mail of fire resistance
Jewellery
 e - a +4 ring of slaying (left hand)
 k - the ring "Nerinuff" {Fly rC+ SInv}
   (You found it on level 3 of the Lair of Beasts)

   [ring of flight]

   rC:        It protects you from cold.
   SInv:      It lets you see invisible.
   Fly:       It grants you flight.
 P - the amulet of Qaosimp (around neck) {Faith rF+}
   (You found it on level 6 of the Lair of Beasts)

   [amulet of faith]

   It allows you to gain divine favour quickly.
   rF:        It protects you from fire.
 Q - the ring "Mucugad" (right hand) {Fire rPois Will+ Dex+6 Stlth-}
   (You found it on level 3 of the Lair of Beasts)

   [ring of fire]

   It enhances your fire magic.
   Dex:       It affects your dexterity (+6).
   rF:        It protects you from fire.
   rC:        It makes you vulnerable to cold.
   rPois:     It protects you from poison.
   Will:      It increases your willpower.
   Stlth:     It makes you less stealthy.
 U - a ring of protection from fire
Wands
 D - a wand of digging (9)
 J - a wand of paralysis (18)
 L - a wand of acid (12)
 S - a wand of mindburst (18)
Scrolls
 c - 7 scrolls of identify
 l - 14 scrolls of teleportation
 n - 3 scrolls of fog
 p - 7 scrolls of immolation
 q - 2 scrolls of magic mapping
 y - 4 scrolls of blinking
 B - 6 scrolls of enchant armour
 G - a scroll of enchant weapon
 H - 4 scrolls of summoning
 I - 5 scrolls of fear
Potions
 d - a potion of ambrosia
 g - a potion of might
 h - 5 potions of haste
 i - 11 potions of curing
 j - 2 potions of resistance
 o - 4 potions of cancellation
 r - a potion of invisibility
 s - a potion of berserk rage
 u - 4 potions of flight
 x - 3 potions of attraction
 A - 2 potions of heal wounds
 C - 3 potions of lignification
 E - 5 potions of brilliance
 F - 5 potions of mutation
 M - a potion of magic {unknown}


   Skills:
 + Level 15.1 Fighting
 * Level 17.9 Long Blades
 + Level 11.2 Armour
 + Level 9.6 Dodging
 - Level 6.6 Stealth
 - Level 2.0 Shields
 - Level 13.9 Evocations


You had 15 spell levels left.
You didn't know any spells.
Your spell library was empty.

Dungeon Overview and Level Annotations

Branches:
Dungeon (15/15) Temple (0/1) D:7 Lair (6/6) D:10 Shoals (0/4) Lair:3 Snake (3/4) Lair:4 Slime (0/5) Lair:6 Orc (2/2) D:11 Elf (1/3) Orc:2 Vaults (0/5) D:13 D:14 Depths (0/4) D:15 Volcano (visited)

Altars:
Ashenzari
Dithmenos
Gozag
Hepliaklqana
Makhleb
Okawaru
Sif Muna
Uskayaw
Xom
Beogh
Jiyva

Shops:
D:10 (   Orc:1 *::*   Orc:2 ([(=*   Snake:1 *

Annotations:
Lair:1 exclusion: oklob plant
Lair:6 exclusion: obsidian statue
Snake:2 1 runed translucent door, Raine357's ghost, adept GnDe
Orc:1 3 runed translucent doors, DullName's ghost, journeyman MiBe; dontdoit's ghost, journeyman TrTm; xingtheking's ghost, journeyman MfBe


Innate Abilities, Weirdness & Mutations

You have a pair of antennae on your head.
You are completely covered in icy blue scales. (AC +4, rC+)
A demonic guardian rushes to your aid.
You regenerate magic rapidly.


Message History

The deep elf knight hits you but does no damage.
You hit the deep elf zephyrmancer. You freeze the deep elf zephyrmancer.
The deep elf zephyrmancer is lightly wounded.
The deep elf zephyrmancer hits you with a +0 rapier.
The deep elf knight hits you but does no damage.
Your skin crawls.
You feel strong-willed.
The deep elf zephyrmancer points at you and mumbles some strange words.
The bolt of lightning misses you. The bolt of lightning hits you!!
The deep elf knight barely misses you.
You barely miss the deep elf knight.
The +2 vampiric glaive hits you but does no damage.
The deep elf zephyrmancer mumbles some strange words.
The deep elf zephyrmancer blinks!
The deep elf archer shoots an arrow.
The arrow hits you!
You closely miss the deep elf knight.
The +2 vampiric glaive hits you from afar!
The deep elf archer unwields a +0 dagger.
The deep elf archer wields a +0 shortbow.
The deep elf archer shoots an arrow.
The arrow closely misses you.
The deep elf knight hits you with a +0 short sword!
You miss the deep elf knight.
The deep elf archer shoots an arrow.
The arrow hits you! The +2 vampiric glaive misses you.
You hit the deep elf knight. You freeze the deep elf knight.
The deep elf knight is lightly wounded.
The deep elf knight hits you with a +0 short sword!
The deep elf archer shoots an arrow.
The arrow hits you!
The deep elf archer shoots an arrow.
The arrow hits you.
* * * LOW HITPOINT WARNING * * *
The +2 vampiric glaive hits you but does no damage.
The deep elf knight closely misses you.
The deep elf knight casts a spell at you.
The shard of ice hits you!!
* * * LOW HITPOINT WARNING * * *
A demonic guardian appears!
The deep elf archer shoots an arrow.
The arrow hits you!
* * * LOW HITPOINT WARNING * * *
There is a staircase back to the Mines here.
The +2 vampiric glaive hits you from afar!
You die...

. .. ...
#..
##...######
..........#
.......(.4#
.......e..#
....ee.e.@#
..........#
..........#
..........#
..........#
..$.......#
#.).######
.##


You could see 2 deep elf archers, a deep elf knight (ally target), a deep elf
zephyrmancer, a +2 vampiric glaive and a friendly ice devil (summoned).

Vanquished Creatures
  Vashnia (Snake:2)
  A nagaraja (Snake:2)
  An orc warlord (Orc:1)
  A deep elf demonologist (Elf:1)
  3 dire elephants (Lair:6)
  Josephine (D:13)
  2 fire dragons
  A great orb of eyes (D:15)
  8 hydras
  5 naga warriors
  Harold (Orc:1)
  4 boulder beetles
  4 anacondas
  3 ogre magi
  5 centaur warriors
  A death knight (D:12)
  8 death yaks
  24 two-headed ogres
  Sonja (D:10)
  8 naga sharpshooters
  Urug (D:13)
  4 shock serpents
  2 spectral death yaks (Lair:6)
  A fire crab (Lair:4)
  A salamander mystic (Snake:1)
  A spectral anaconda (Lair:6)
  3 naga ritualists
  A lindwurm (shapeshifter) (D:15)
  3 necromancers (Lair:6)
  An orc knight (Orc:2)
  3 deep elf pyromancers
  7 mana vipers
  9 ugly things
  7 salamanders
  An orc sorcerer (Orc:1)
  14 elephants
  3 manticores
  5 cyclopes
  23 black mambas
  7 naga magi
  2 torpor snails
  Maurice (D:10)
  13 cane toads
  A gargoyle (D:12)
  A kobold demonologist (D:11)
  Psyche (D:12)
  2 unseen horrors (D:12)
  4 rime drakes
  2 freezing wraiths (D:15)
  11 komodo dragons
  2 tengu conjurers (D:14)
  4 trolls
  3 meliai (D:15)
  7 slime creatures (D:15)
  3 polar bears
  12 blink frogs
  4 dream sheep (Lair:6)
  2 spectral elephants (Lair:6)
  A snapping turtle (Lair:3)
  A culicivora (shapeshifter) (D:15)
  A shadow (D:11)
  3 basilisks
  9 wraiths
  50 yaks
  6 wyverns
  3 fire bats (Volcano)
  Grum (D:8)
  12 humans
  8 steam dragons
  10 vampire mosquitoes
  3 death yak simulacra (Lair:6)
  A warg (D:11)
  20 nagas
  13 water moccasins
  A black bear (D:7)
  26 orc warriors
  3 sky beasts (D:5)
  2 ice beasts (D:5)
  2 elephant zombies (Lair:6)
  6 wolves
  7 centaurs
  29 ogres
  2 elephant skeletons (Lair:6)
  3 phantoms
  16 kobold brigands
  13 bullfrogs
  Blork the orc (D:5)
  2 necrophages
  2 cane toad simulacra (Lair:6)
  A scorpion (D:5)
  12 wights
  An elephant simulacrum (Lair:6)
  10 killer bees
  5 electric eels
  4 lava snakes (Lair:6)
  2 jellies
  2 gnoll shamans
  3 hounds
  18 orc priests
  Jessica (D:2)
  Natasha (twice) (D:3)
  3 iguanas
  21 orc wizards
  3 hell rats (D:10)
  17 gnolls
  6 adders
  3 river rats (D:10)
  2 shadow imps
  A white imp (D:7)
  2 ufetubi (D:7)
  3 dart slugs
  59 orcs
  5 ball pythons
  10 endoplasms
  2 giant cockroaches
  12 goblins
  5 hobgoblins
  2 jackals (D:5)
  27 kobolds
  4 quokkas
  5 bats
  2 frilled lizards
  8 rats
  A spectral goblin (D:7)
776 creatures vanquished.

Vanquished Creatures (collateral kills)
  2 naga warriors
  2 ogre magi (Orc:2)
  3 two-headed ogres
  2 naga sharpshooters
  A salamander mystic (Snake:3)
  An orc knight (D:15)
  A black mamba (Snake:2)
  A naga mage (Snake:3)
  A guardian serpent (Snake:3)
  4 humans
  2 yaks
  4 nagas (Snake:3)
  6 ogres
  3 orc warriors
  2 wolves (Lair:6)
  2 orc priests (Orc:2)
  An orc wizard (D:15)
  6 orcs
44 creatures vanquished.

Vanquished Creatures (others)
  A naga warrior (Snake:3)
  A wyvern (Volcano)
  A kobold brigand (D:11)
  20 fungi
  103 plants
  31 withered plants
157 creatures vanquished.

Grand Total: 977 creatures vanquished

Notes
Turn   | Place    | Note
-------+----------+-------------------------------------------
     0 | D:1      | PublicAnimeNo1 the Demonspawn Berserker began the quest for
                  | the Orb.
     0 | D:1      | Reached XP level 1. HP: 18/18 MP: 1/1
   193 | D:1      | Reached skill level 3 in Long Blades
   199 | D:1      | Gained mutation: You are partially covered in icy blue
                  | scales. (AC +2) [demonic ancestry]
   199 | D:1      | Reached XP level 2. HP: 21/24 MP: 2/2
   538 | D:1      | Gained mutation: You are mostly covered in icy blue scales.
                  | (AC +3) [demonic ancestry]
   538 | D:1      | Reached XP level 3. HP: 13/29 MP: 3/3
  1191 | D:2      | Noticed Jessica
  1202 | D:2      | Killed Jessica
  1202 | D:2      | Reached ** piety under Trog
  1203 | D:2      | Reached skill level 4 in Long Blades
  1203 | D:2      | Reached XP level 4. HP: 5/37 MP: 4/4
  1244 | D:2      | Noticed a necrophage
  1260 | D:2      | Killed a necrophage
  1599 | D:2      | Reached XP level 5. HP: 42/42 MP: 5/5
  2039 | D:2      | Found a faded altar of an unknown god.
  2410 | D:3      | Reached skill level 5 in Long Blades
  2446 | D:3      | Reached XP level 6. HP: 34/49 MP: 6/6
  2627 | D:3      | Noticed Natasha
  2645 | D:3      | Killed Natasha
  2978 | D:3      | Noticed Natasha
  2991 | D:3      | Killed Natasha
  3145 | D:4      | Identified a scroll of acquirement
  3145 | D:4      | Acquired a manual of Evocations
  3391 | D:4      | Reached skill level 5 in Fighting
  3391 | D:4      | Reached skill level 6 in Long Blades
  3494 | D:4      | Gained mutation: You have a pair of small antennae on your
                  | head. [demonic ancestry]
  3494 | D:4      | Reached XP level 7. HP: 56/56 MP: 7/7
  3775 | D:5      | Entered Level 5 of the Dungeon
  4464 | D:5      | Noticed a yak
  4464 | D:5      | Noticed a yak
  4464 | D:5      | Noticed a yak
  4484 | D:5      | Killed a yak
  4485 | D:5      | Reached skill level 7 in Long Blades
  4492 | D:5      | Killed a yak
  4493 | D:5      | Reached XP level 8. HP: 64/64 MP: 8/8
  4634 | D:5      | Noticed Blork the orc
  4655 | D:5      | Killed Blork the orc
  4944 | D:5      | Reached skill level 8 in Long Blades
  4944 | D:5      | Identified the +7 dagger of the Original Sin {venom, rPois
                  | rF+ rN+ Dex+4}
  5082 | D:5      | Found a shimmering altar of Xom.
  5083 | D:5      | Found a shimmering blue altar of Sif Muna.
  5083 | D:5      | Found an opulent altar of Gozag.
  5083 | D:5      | Found a broken altar of Ashenzari.
  5132 | D:5      | Reached skill level 1 in Stealth
  5375 | D:6      | Found an iron altar of Okawaru.
  5484 | D:6      | Gained mutation: You regenerate magic rapidly. [demonic
                  | ancestry]
  5484 | D:6      | Reached XP level 9. HP: 71/71 MP: 9/9
  5836 | D:6      | Found a shadowy altar of Dithmenos.
  5870 | D:6      | Reached skill level 9 in Long Blades
  6613 | D:7      | Reached skill level 5 in Armour
  6614 | D:7      | Reached *** piety under Trog
  7112 | D:7      | Found a staircase to the Ecumenical Temple.
  7657 | D:7      | Found a hazy altar of Hepliaklqana.
  7834 | D:8      | Reached XP level 10. HP: 80/80 MP: 10/10
  7999 | D:8      | Reached skill level 10 in Long Blades
  8181 | D:8      | Noticed Grum
  8195 | D:8      | Killed Grum
  8457 | D:8      | Found a burning altar of Makhleb.
  8574 | D:8      | Noticed a two-headed ogre
  8592 | D:8      | Killed a two-headed ogre
  8593 | D:8      | Reached skill level 5 in Stealth
  8944 | D:9      | Reached **** piety under Trog
  9846 | D:10     | Entered Level 10 of the Dungeon
  9846 | D:10     | Noticed Sonja
  9872 | D:10     | Killed Sonja
  9873 | D:10     | Gained mutation: You have a pair of antennae on your head.
                  | [demonic ancestry]
  9873 | D:10     | Reached XP level 11. HP: 48/89 MP: 11/11
 10327 | D:10     | Noticed a death yak
 10327 | D:10     | Noticed a death yak
 10329 | D:10     | Found a staircase to the Lair.
 10357 | D:10     | Noticed a death yak
 10364 | D:10     | Killed a death yak
 10373 | D:10     | Killed a death yak
 10384 | D:10     | Killed a death yak
 10385 | D:10     | Reached skill level 11 in Long Blades
 10621 | D:10     | Noticed Maurice
 10726 | D:10     | Killed Maurice
 10930 | D:10     | Noticed a centaur warrior
 10941 | D:10     | Killed a centaur warrior
 10942 | D:10     | Reached skill level 1 in Evocations
 11048 | D:10     | Found Lalu's Weapon Shop.
 11299 | D:10     | You fall into a shaft and drop 3 floors!
 11299 | D:13     | Noticed a centaur warrior
 11315 | D:13     | Killed a centaur warrior
 11316 | D:13     | Reached skill level 5 in Dodging
 11517 | D:13     | Noticed Josephine
 11543 | D:13     | Killed Josephine
 11895 | D:13     | Reached skill level 10 in Fighting
 12180 | D:13     | Noticed a centaur warrior
 12199 | D:13     | Killed a centaur warrior
 12208 | D:13     | Reached skill level 5 in Evocations
 13251 | D:11     | Noticed a white ugly thing
 13266 | D:11     | Killed a white ugly thing
 13267 | D:11     | Gained mutation: A weak demonic guardian rushes to your
                  | aid. [demonic ancestry]
 13267 | D:11     | Reached XP level 12. HP: 98/98 MP: 12/12
 14246 | D:11     | Noticed an eight-headed hydra
 14253 | D:11     | Killed an eight-headed hydra
 14254 | D:11     | Reached skill level 12 in Long Blades
 14579 | D:11     | Found a staircase to the Orcish Mines.
 14672 | Lair:1   | Entered Level 1 of the Lair of Beasts
 15274 | Lair:1   | Reached ***** piety under Trog
 15579 | Lair:1   | Noticed a boulder beetle
 15596 | Lair:1   | Killed a boulder beetle
 16548 | Lair:2   | Noticed a six-headed hydra
 16559 | Lair:2   | Killed a six-headed hydra
 16566 | Lair:2   | Reached skill level 1 in Shields
 16887 | Lair:2   | Received a gift from Trog
 18280 | Lair:3   | Gained mutation: You are completely covered in icy blue
                  | scales. (AC +4, rC+) [demonic ancestry]
 18280 | Lair:3   | Reached XP level 13. HP: 91/106 MP: 9/13
 18588 | Lair:3   | Identified the ring "Mucugad" {Fire rPois Will+ Dex+6
                  | Stlth-}
 18617 | Lair:3   | You fall into a shaft and drop 2 floors!
 18959 | Lair:5   | Reached skill level 13 in Long Blades
 19175 | Lair:5   | Noticed a fire dragon
 19195 | Lair:5   | Killed a fire dragon
 19196 | Lair:5   | Reached skill level 10 in Evocations
 20340 | Lair:6   | Entered Level 6 of the Lair of Beasts
 20601 | Lair:6   | Noticed a dire elephant
 20601 | Lair:6   | Noticed a dire elephant
 20601 | Lair:6   | Noticed a dire elephant
 20608 | Lair:6   | Killed a dire elephant
 21003 | Lair:6   | Killed a dire elephant
 21421 | Lair:6   | Reached skill level 14 in Long Blades
 21497 | Lair:6   | Killed a dire elephant
 21894 | Lair:6   | Gained mutation: A demonic guardian rushes to your aid.
                  | [demonic ancestry]
 21894 | Lair:6   | Reached XP level 14. HP: 51/116 MP: 14/14
 22426 | Lair:6   | Found a staircase to the Slime Pits.
 22427 | Lair:6   | Found a viscous altar of Jiyva.
 23294 | Lair:6   | Identified the amulet of Qaosimp {Faith rF+}
 24043 | Lair:4   | Found a staircase to the Snake Pit.
 25360 | Lair:3   | Identified the ring "Nerinuff" {Fly rC+ SInv}
 25496 | Lair:3   | Found a staircase to the Shoals.
 25785 | Orc:1    | Entered Level 1 of the Orcish Mines
 25785 | Orc:1    | Found Pyuz's General Store.
 26001 | Orc:1    | Found Numeetz's Book Shop.
 26007 | Orc:1    | Found Bieritub's Book Emporium.
 26123 | Orc:1    | Noticed an orc warlord
 26142 | Orc:1    | Killed an orc warlord
 26981 | Orc:1    | Received a gift from Trog
 26981 | Orc:1    | Noticed Harold
 26991 | Orc:1    | Killed Harold
 27187 | Orc:1    | Found a runed translucent gate.
 27188 | Orc:1    | Found a runed translucent gate.
 27189 | Orc:1    | Found a runed translucent gate.
 27190 | Orc:1    | Noticed DullName's ghost (journeyman MiBe)
 27191 | Orc:1    | Noticed xingtheking's ghost (journeyman MfBe)
 27194 | Orc:1    | Found Amehaire's Assorted Antiques.
 27264 | Orc:1    | Bought a glowing cloak for 172 gold pieces
 27313 | Orc:1    | Noticed dontdoit's ghost (journeyman TrTm)
 27314 | Orc:1    | Noticed DullName's ghost (journeyman MiBe)
 27509 | Orc:2    | Entered Level 2 of the Orcish Mines
 27509 | Orc:2    | Found Umisinab's Weapon Boutique.
 27545 | Orc:2    | Found a dark tunnel.
 27554 | Volcano  | Entered a volcano
 27573 | Volcano  | Reached skill level 15 in Long Blades
 28801 | Orc:2    | Found Ikib's Weapon Shoppe.
 28801 | Orc:2    | Found Lotoacs's General Store.
 28801 | Orc:2    | Found Neasiana's Armour Shop.
 28801 | Orc:2    | Found Koosu Qebu's Jewellery Shoppe.
 28848 | Orc:2    | Reached XP level 15. HP: 58/124 MP: 15/15
 29048 | Orc:2    | Found a staircase to the Elven Halls.
 29816 | Orc:2    | Found a shimmering altar of Xom.
 30636 | Orc:2    | Received a gift from Trog
 31118 | D:12     | Found the +10 dark maul {vorpal}
 31137 | D:12     | Noticed Psyche
 31139 | D:12     | Killed Psyche
 31292 | D:12     | Reached skill level 16 in Long Blades
 32423 | D:14     | Noticed Urug
 32423 | D:14     | Found a gate to the Vaults.
 32441 | D:13     | Killed Urug
 33878 | D:15     | Entered Level 15 of the Dungeon
 33974 | D:15     | Received a gift from Trog
 34052 | D:15     | Reached skill level 10 in Armour
 34369 | D:15     | Found a staircase to the Depths.
 35626 | D:15     | Reached XP level 16. HP: 101/134 MP: 16/16
 36124 | Snake:1  | Entered Level 1 of the Snake Pit
 36548 | Snake:1  | Reached skill level 17 in Long Blades
 37012 | Snake:1  | Found Hyshuokh's Gadget Gallery.
 37028 | Snake:1  | Bought a wand of acid (7) for 264 gold pieces
 37028 | Snake:1  | Bought a wand of paralysis (4) for 72 gold pieces
 37028 | Snake:1  | Bought a wand of paralysis (3) for 60 gold pieces
 37028 | Snake:1  | Bought a wand of paralysis (6) for 96 gold pieces
 37120 | Snake:1  | Received a gift from Trog
 38284 | Snake:2  | Noticed Vashnia
 38323 | Snake:1  | Upgraded the game from 0.29-a0-321-gf1c4007 to
                  | 0.29-a0-322-g68df515
 39541 | Snake:2  | Found a runed translucent door.
 39541 | Snake:2  | Noticed Raine357's ghost (adept GnDe)
 40335 | Snake:2  | Killed Vashnia
 40335 | Snake:2  | Identified the +7 long sword "Lifebane" {vorpal, rElec
                  | Str+3} (Trog gifted it to you on level 2 of the Snake Pit)
 40335 | Snake:2  | Received a gift from Trog
 40336 | Snake:2  | Reached skill level 15 in Fighting
 42260 | Snake:3  | Identified the +7 mace of the Ancient Mice {vorpal, rF+
                  | Int+2}
 42679 | Snake:3  | Found a hide-covered altar of Uskayaw.
 43373 | Elf:1    | Entered Level 1 of the Elven Halls
 43386 | Elf:1    | Mangled by a +2 vampiric glaive

Illustrated notes

Levels and vault maps discovered:
D:1:      eino_arrival_druids_welcome, layout_rooms
D:2:      layout_basic, dreamdust_ecumenical_altar_grove, uniq_jessica
D:3:      layout_basic, hangedman_glass_garden, uniq_natasha
D:4:      layout_rooms
D:5:      minmay_spotlight, layout_basic,
          chequers_temple_overflow_statue_of_worship, uniq_blork_the_orc
D:6:      layout_loops_ring, grunt_dithmenos_smoke, overflow_temple_1_default,
          minmay_hedge_maze, kennysheep_nub, minmay_crossroads
D:7:      layout_loops_ring, nicolae_hepliaklqana_monster_ancestors,
          minmay_temple_entry_waves
D:8:      layout_basic, bloody_makhleb, uniq_grum
D:9:      layout_loops_ring
D:10:     layout_cave_pools, dpeg_lair_monsters, serial_shops,
          nicolae_shop_advertising_works [nicolae_subvault_shop_adworks],
          uniq_maurice, uniq_sonja
D:11:     layout_loops_corners, orc_0_dummy, special_room [special_room_kobold]
D:12:     layout_irregular_city, uniq_psyche
D:13:     layout_cave_pods, uniq_josephine
D:14:     layout_roguey, david_vaults_3, serial_park_tiny_2
D:15:     gammafunk_enter_depths_forms, layout_basic
Lair:1:   layout_hall_layers, st_stairs_8, minmay_lair_oklob_bushes,
          nzn_sisyphean_effort
Lair:2:   layout_gridlike, beast_lair_carwin_1, serial_bayou_shore_a,
          grunt_megastairs_5, infiniplex_staircase_pool_2, lemuel_fruit_tree
Lair:3:   layout_chaotic_city, minmay_shoals_entry_hut,
          chequers_serial_rivers_micro_a, serial_bayou_shore_b
Lair:4:   layout_regular_city, dummy_snake_entry, serial_forest,
          infiniplex_forest_clump_double, infiniplex_forest_lined_room_,
          infiniplex_forest_clump_long, infiniplex_forest_lined_4_way,
          infiniplex_forest_lined_2, infiniplex_forest_clump_medium,
          infiniplex_forest_end_3, infiniplex_forest_straight_3,
          infiniplex_forest_fountain, minivault_24, serial_bayou_pond_c,
          beast_lair_carwin_11
Lair:5:   dragon1_lemuel, layout_cellular_growth
Lair:6:   due_jungle_book, layout_regular_city, slime_altar_1, st_stairs_7,
          nicolae_lair_liquid_snakes
Snake:1:  layout_onion, nicolae_shop_gadgets, serial_bayou_shore_b
Snake:2:  layout_misc_corridors, gammafunk_ghost_grave, serial_bayou_shore_b,
          serial_bayou_shore_b, uniq_vashnia
Snake:3:  layout_cave_town, basic_altar
Orc:1:    layout_caves, gammafunk_ghost_cemetery, serial_shops,
          nicolae_shop_crystal, nicolae_shop_waterfront, shop,
          nicolae_shop_hallway_plus, lemuel_statue_altar, uniq_harold
Orc:2:    st_orc_ogre_mass, layout_diamond_mine, serial_shops, shop_coins,
          nicolae_volcano_entry_lava_flow, basic_altar
Elf:1:    layout_loops_corners, portal_ice_cave_entry_pillars_2, serial_shops,
          nicolae_diamond_shop, kennysheep_underground_church,
          nicolae_rare_books

Skill      XL: |  1  2  3  4  5  6  7  8  9 10 11 12 13 14 15 16 |
---------------+-------------------------------------------------+-----
Long Blades    | 3 4 5 6 7 8 9 10 11 12 14 15 16 17 | 17.9
Fighting       | 4 5 6 7 9 10 11 12 13 14 15 | 15.1
Armour         | 3 4 5 6 7 9 10 11 | 11.2
Stealth        | 1 4 5 6 |  6.6
Dodging        | 3 6 7 8 9 |  9.6
Evocations     | 5 9 11 13 | 13.9
Shields        | 2 |  2.0

Action                   |  1- 3 |  4- 6 |  7- 9 | 10-12 | 13-15 | 16-18 || total
-------------------------+-------+-------+-------+-------+-------+-------++-------
Melee: Falchion          |    88 |     4 |       |       |       |       ||    92
       Punch             |     3 |       |     5 |    12 |     2 |       ||    22
       Dagger            |       |   204 |   435 |   857 |    22 |       ||  1518
       Great sword       |       |       |       |    43 |  1041 |   313 ||  1397
       Triple sword      |       |       |       |       |     4 |    20 ||    24
Throw: Throwing net      |       |       |       |     1 |       |       ||     1
Invok: Berserk           |     4 |     7 |     8 |    11 |     8 |     2 ||    40
       Trog's Hand       |       |       |       |     1 |     3 |     1 ||     5
       Brothers in Arms  |       |       |       |       |     2 |     1 ||     3
Evoke: Wand              |       |       |       |     5 |    10 |     4 ||    19
  Use: Scroll            |       |     9 |     9 |     4 |    13 |     3 ||    38
       Potion            |       |       |       |     1 |     6 |     5 ||    12
 Stab: Sleeping          |       |       |     1 |     4 |     2 |       ||     7
       Held in net/web   |       |       |       |     1 |       |       ||     1
       Distracted        |       |       |       |     1 |     2 |     1 ||     4
Armor: Animal skin       |    26 |     4 |       |       |       |       ||    30
       Scale mail        |       |    66 |   158 |   341 |   349 |       ||   914
       Plate armour      |       |       |       |       |   322 |   202 ||   524
       Chain mail        |       |       |       |       |     2 |       ||     2
Dodge: Dodged            |    53 |    66 |   181 |   491 |   679 |   201 ||  1671
Block: Buckler           |       |       |       |    10 |       |       ||    10

Table legend: (Time is in decaauts)
 A = Elapsed time spent in this place.
 B = Non-inter-level travel time spent in this place.
 C = Inter-level travel time spent in this place.
 D = Time resting spent in this place.
 E = Time spent auto-exploring this place.
 F = Levels seen in this place.
 G = Mean time per level.
                   A        B        C        D        E       F      G
               +--------+--------+--------+--------+--------+-----+--------+
         Total |  43249 |  41787 |   1462 |  14601 |  21082 |  28 | 1544.6 |
       Dungeon |  19936 |  19105 |    831 |   5203 |  11296 |  15 | 1329.1 |
          Lair |  11467 |  11047 |    420 |   4120 |   5238 |   6 | 1911.2 |
     Snake Pit |   6841 |   6693 |    148 |   3628 |   2234 |   3 | 2280.3 |
  Orcish Mines |   3873 |   3811 |     62 |    982 |   2137 |   2 | 1936.5 |
   Elven Halls |     11 |     11 |      0 |      0 |      0 |   1 |   11.0 |
       Volcano |   1119 |   1119 |      0 |    666 |    176 |   1 | 1119.0 |
               +--------+--------+--------+--------+--------+-----+--------+

Top non-repeatable levels by time:
  Lair:6: 3464 daAuts
 Snake:2: 3064 daAuts
    D:13: 2292 daAuts
 Snake:1: 2210 daAuts
   Orc:2: 2134 daAuts
    D:15: 2063 daAuts
  Lair:2: 1977 daAuts
    D:11: 1956 daAuts
  Lair:5: 1761 daAuts
   Orc:1: 1738 daAuts
    D:10: 1655 daAuts
     D:5: 1642 daAuts
  Lair:4: 1607 daAuts
 Snake:3: 1567 daAuts
  Lair:1: 1387 daAuts
